TOP OF THE 1ST |
Milton Bills batting - Pitching for Wichita Outriders : RHP Jim Unknown
|
Pitching: RHP Jim Unknown
|
|
Batting: LHB Lance Schiffer
|
0-0: Ball 1-0: Called Strike 1-1: Foul Ball, location: 2F 1-2: Ball 2-2: Foul Ball, location: 2F 2-2: Ground out 3-1 (Groundball, 34)
|
Batting: RHB Steve McLeod
|
0-0: Ball 1-0: Foul Ball, location: 2F 1-1: Ball 2-1: Foul Ball, location: 2F 2-2: Foul Ball, location: 2F 2-2: Ball 3-2: Foul Ball, location: 2F 3-2: Foul Ball, location: 2F 3-2: Base on Balls
|
Batting: LHB David Hunt
|
0-0: Ball 1-0: Ball 2-0: Foul Ball, location: 2F 2-1: Ball 3-1: SINGLE (Line Drive, 8RS) Steve McLeod to second Runner from 2nd tries for 3rd, SAFE, throw made to third
|
Batting: RHB Shane Franklin
|
0-0: Called Strike 0-1: SINGLE (Groundball, 56D) Steve McLeod scores David Hunt to second
|
Batting: LHB Johnny Hernández
|
0-0: Called Strike 0-1: Ball 1-1: Fly out, F4 (Line Drive, 4)
|
Batting: RHB Alden Wiley
|
0-0: Ball 1-0: SINGLE (Groundball, 4MD) (infield hit) David Hunt to third Shane Franklin to second
|
Batting: SHB Al Anderson
|
0-0: Ball 1-0: DOUBLE (Line Drive, 7LS) David Hunt scores Shane Franklin scores Alden Wiley to third Runner from 3rd tries for Home, throw and OUT!
|
Top of the 1st over - 3 run(s), 4 hit(s), 0 error(s), 1 left on base; Milton 3 - Wichita 0 |
BOTTOM OF THE 1ST |
Wichita Outriders batting - Pitching for Milton Bills : LHP Jared Cox
|
Pitching: LHP Jared Cox
|
|
Batting: RHB Jim Unknown
|
0-0: Foul Ball, location: 2F 0-1: Ball 1-1: Swinging Strike 1-2: Ball 2-2: Fly out, F3 (Popup, 3F)
|
Batting: RHB Jim Unknown
|
0-0: Ball 1-0: Ball 2-0: Ball 3-0: Base on Balls
|
Batting: LHB Herman Gilliland
|
0-0: SINGLE (Groundball, 13) (infield hit) Jim Unknown to second
|
Batting: RHB Jim Unknown
|
0-0: Fly out, F4 (Line Drive, 4)
|
Batting: RHB Jim Unknown
|
0-0: Ball 1-0: Foul Ball, location: 2F 1-1: Ball Wild Pitch! Jim Unknown to third Herman Gilliland to second 2-1: Called Strike 2-2: Strikes out swinging
|
Bottom of the 1st over - 0 run(s), 1 hit(s), 0 error(s), 2 left on base; Milton 3 - Wichita 0 |
TOP OF THE 2ND |
Milton Bills batting - Pitching for Wichita Outriders : RHP Jim Unknown
|
Batting: LHB Edwin Church
|
0-0: Foul Ball, location: 2F 0-1: Called Strike 0-2: SINGLE (Groundball, 4M)
|
Batting: RHB Orlando Trevino
|
0-0: Ball 1-0: Foul Ball, location: 2F 1-1: Ball 2-1: Fly out, F5 (Line Drive, 5)
|
Batting: LHB Lance Schiffer
|
0-0: Ball 1-0: Ball 2-0: Called Strike 2-1: Ball 3-1: Grounds into double play, 4-6-3 (Groundball, 34)
|
Top of the 2nd over - 0 run(s), 1 hit(s), 0 error(s), 0 left on base; Milton 3 - Wichita 0 |
BOTTOM OF THE 2ND |
Wichita Outriders batting - Pitching for Milton Bills : LHP Jared Cox
|
Batting: LHB Jim Unknown
|
0-0: Called Strike 0-1: Swinging Strike 0-2: Ball 1-2: Strikes out swinging
|
Batting: RHB Christian O'Neal
|
0-0: Fly out, F3 (Popup, 34)
|
Batting: LHB Jim Unknown
|
0-0: Foul Ball, location: 2F 0-1: Called Strike 0-2: Ball 1-2: SINGLE (Line Drive, 4M)
|
Batting: RHB Jim Unknown
|
0-0: 2-RUN HOME RUN (Flyball, 9D), Distance : 387 ft
|
Batting: RHB Jim Unknown
|
0-0: Ball 1-0: Foul Ball, location: 2F 1-1: Ball 2-1: Foul Ball, location: 2F 2-2: Ball 3-2: Foul Ball, location: 2F 3-2: Fly out, F5 (Popup, 56S)
|
Bottom of the 2nd over - 2 run(s), 2 hit(s), 0 error(s), 0 left on base; Milton 3 - Wichita 2 |
TOP OF THE 3RD |
Milton Bills batting - Pitching for Wichita Outriders : RHP Jim Unknown
|
Batting: RHB Steve McLeod
|
0-0: Ball 1-0: Fly out, F7 (Popup, 56D)
|
Batting: LHB David Hunt
|
0-0: Ball 1-0: Called Strike 1-1: Ball 2-1: SINGLE (Flyball, 7S)
|
Batting: RHB Shane Franklin
|
0-0: Ball 1-0: Ball 2-0: Foul Ball, location: 2F 2-1: Foul Ball, location: 2F 2-2: Strikes out swinging
|
Batting: LHB Johnny Hernández
|
0-0: Fielders Choice at 2nd, 5-4 (Groundball, 56)
|
Top of the 3rd over - 0 run(s), 1 hit(s), 0 error(s), 0 left on base; Milton 3 - Wichita 2 |
BOTTOM OF THE 3RD |
Wichita Outriders batting - Pitching for Milton Bills : LHP Jared Cox
|
Batting: RHB Jim Unknown
|
0-0: Ball 1-0: Ball 2-0: Swinging Strike 2-1: Swinging Strike 2-2: Ball 3-2: Foul Ball, location: 2F 3-2: Foul Ball, location: 2F 3-2: Strikes out swinging
|
Batting: LHB Herman Gilliland
|
0-0: Called Strike 0-1: Ball 1-1: Swinging Strike 1-2: Fly out, F7 (Flyball, 7M)
|
Batting: RHB Jim Unknown
|
0-0: Ball 1-0: Ball 2-0: Swinging Strike 2-1: Foul Ball, location: 2F 2-2: Foul Ball, location: 2F 2-2: Strikes out swinging
|
Bottom of the 3rd over - 0 run(s), 0 hit(s), 0 error(s), 0 left on base; Milton 3 - Wichita 2 |
TOP OF THE 4TH |
Milton Bills batting - Pitching for Wichita Outriders : RHP Jim Unknown
|
Batting: RHB Alden Wiley
|
0-0: Ball 1-0: Called Strike 1-1: Ball 2-1: Ball 3-1: Called Strike 3-2: Base on Balls
|
Batting: SHB Al Anderson
|
0-0: Ball Wild Pitch! Alden Wiley to second 1-0: Ball 2-0: Foul Ball, location: 2F 2-1: Ground out 1-3 (Groundball, 13) Alden Wiley to third
|
Batting: LHB Edwin Church
|
0-0: Ball 1-0: Called Strike 1-1: Foul Ball, location: 2F 1-2: Strikes out swinging
|
Batting: RHB Orlando Trevino
|
0-0: SINGLE (Line Drive, 6D) Alden Wiley scores
|
Batting: LHB Lance Schiffer
|
0-0: Ball Orlando Trevino is caught stealing 2nd base
|
Top of the 4th over - 1 run(s), 1 hit(s), 0 error(s), 0 left on base; Milton 4 - Wichita 2 |
BOTTOM OF THE 4TH |
Wichita Outriders batting - Pitching for Milton Bills : LHP Jared Cox
|
Batting: RHB Jim Unknown
|
0-0: Called Strike 0-1: Foul Ball, location: 2F 0-2: Ball 1-2: Strikes out swinging
|
Batting: LHB Jim Unknown
|
0-0: Ball 1-0: Called Strike 1-1: Called Strike 1-2: Foul Ball, location: 2F 1-2: SINGLE (Groundball, 4MD)
|
Batting: RHB Christian O'Neal
|
0-0: Ball 1-0: Called Strike 1-1: Ground out U3 (Groundball, 3S) Jim Unknown to second
|
Batting: LHB Jim Unknown
|
0-0: Ball 1-0: Called Strike 1-1: Ball 2-1: Ball 3-1: Base on Balls
|
Batting: RHB Jim Unknown
|
0-0: Ball 1-0: Foul Ball, location: 2F 1-1: Ball 2-1: Called Strike 2-2: Ball 3-2: Base on Balls Jim Unknown to third Jim Unknown to second
|
Batting: RHB Jim Unknown
|
0-0: Ball 1-0: Ball 2-0: Foul Ball, location: 2F 2-1: Fly out, F8 (Line Drive, 78M)
|
Bottom of the 4th over - 0 run(s), 1 hit(s), 0 error(s), 3 left on base; Milton 4 - Wichita 2 |
TOP OF THE 5TH |
Milton Bills batting - Pitching for Wichita Outriders : RHP Jim Unknown
|
Batting: LHB Lance Schiffer
|
0-0: Called Strike 0-1: Ball 1-1: Called Strike 1-2: Ground out 3-1 (Groundball, 34)
|
Batting: RHB Steve McLeod
|
0-0: Ball 1-0: Ball 2-0: Called Strike 2-1: Swinging Strike 2-2: Fly out, F8 (Flyball, 8LM)
|
Batting: LHB David Hunt
|
0-0: Called Strike 0-1: SINGLE (Groundball, 6M)
|
Batting: RHB Shane Franklin
|
0-0: Ball 1-0: Ball 2-0: Called Strike 2-1: Foul Ball, location: 2F 2-2: Strikes out looking
|
Top of the 5th over - 0 run(s), 1 hit(s), 0 error(s), 1 left on base; Milton 4 - Wichita 2 |
BOTTOM OF THE 5TH |
Wichita Outriders batting - Pitching for Milton Bills : LHP Jared Cox
|
Batting: RHB Jim Unknown
|
0-0: Ball 1-0: Fly out, F9 (Flyball, 89M)
|
Batting: LHB Herman Gilliland
|
0-0: Called Strike 0-1: Ball 1-1: Swinging Strike 1-2: Strikes out swinging
|
Batting: RHB Jim Unknown
|
0-0: Called Strike 0-1: Called Strike 0-2: Ball 1-2: Ball 2-2: Strikes out looking
|
Bottom of the 5th over - 0 run(s), 0 hit(s), 0 error(s), 0 left on base; Milton 4 - Wichita 2 |
TOP OF THE 6TH |
Milton Bills batting - Pitching for Wichita Outriders : RHP Jim Unknown
|
Batting: LHB Johnny Hernández
|
0-0: Called Strike 0-1: SINGLE (Groundball, 4MD)
|
Batting: RHB Alden Wiley
|
0-0: Sac Bunt - play at first, batter OUT! 1-3 Johnny Hernández to second
|
Batting: SHB Al Anderson
|
0-0: Ball 1-0: Ball 2-0: Ball 3-0: Called Strike 3-1: Base on Balls
|
Batting: LHB Edwin Church
|
0-0: Ball Al Anderson steals 2nd base Johnny Hernández to third 1-0: Called Strike 1-1: Swinging Strike 1-2: Strikes out looking
|
Batting: RHB Orlando Trevino
|
0-0: Ball 1-0: Called Strike 1-1: Ball 2-1: Swinging Strike 2-2: Fly out, F9 (Flyball, 9S)
|
Top of the 6th over - 0 run(s), 1 hit(s), 0 error(s), 2 left on base; Milton 4 - Wichita 2 |
BOTTOM OF THE 6TH |
Wichita Outriders batting - Pitching for Milton Bills : LHP Jared Cox
|
Batting: RHB Jim Unknown
|
0-0: Fly out, F7 (Flyball, 7LM)
|
Batting: LHB Jim Unknown
|
0-0: Fly out, F7 (Flyball, 7D)
|
Batting: RHB Christian O'Neal
|
0-0: Called Strike 0-1: Ball 1-1: Ball 2-1: Ground out 6-3 (Groundball, 6)
|
Bottom of the 6th over - 0 run(s), 0 hit(s), 0 error(s), 0 left on base; Milton 4 - Wichita 2 |
TOP OF THE 7TH |
Milton Bills batting - Pitching for Wichita Outriders : RHP Jim Unknown
|
Batting: LHB Lance Schiffer
|
0-0: Ball 1-0: Swinging Strike 1-1: Fly out, F7 (Flyball, 7S)
|
Batting: RHB Steve McLeod
|
0-0: Ball 1-0: Foul Ball, location: 2F 1-1: Fly out, F6 (Line Drive, 6)
|
Batting: LHB David Hunt
|
0-0: Called Strike 0-1: Fly out, F8 (Line Drive, 8RD)
|
Top of the 7th over - 0 run(s), 0 hit(s), 0 error(s), 0 left on base; Milton 4 - Wichita 2 |
BOTTOM OF THE 7TH |
Wichita Outriders batting - Pitching for Milton Bills : LHP Jared Cox
|
Batting: LHB Jim Unknown
|
0-0: Ball 1-0: Ground out U3 (Groundball, 3)
|
Batting: RHB Jim Unknown
|
0-0: Ball 1-0: Foul Ball, location: 2F 1-1: Foul Ball, location: 2F 1-2: Ground out 6-3 (Groundball, 6)
|
Batting: RHB Jim Unknown
|
0-0: Swinging Strike 0-1: Ball 1-1: Ground out 6-3 (Groundball, 6)
|
Bottom of the 7th over - 0 run(s), 0 hit(s), 0 error(s), 0 left on base; Milton 4 - Wichita 2 |
TOP OF THE 8TH |
Milton Bills batting - Pitching for Wichita Outriders : RHP Jim Unknown
|
Pitching: RHP Jim Unknown
|
|
Batting: RHB Shane Franklin
|
0-0: Called Strike 0-1: Ball 1-1: Swinging Strike 1-2: Foul Ball, location: 2F 1-2: Ball 2-2: Strikes out swinging
|
Batting: LHB Johnny Hernández
|
0-0: Fly out, F7 (Flyball, 7M)
|
Batting: RHB Alden Wiley
|
0-0: Called Strike 0-1: Foul Ball, location: 2F 0-2: Strikes out swinging
|
Top of the 8th over - 0 run(s), 0 hit(s), 0 error(s), 0 left on base; Milton 4 - Wichita 2 |
BOTTOM OF THE 8TH |
Wichita Outriders batting - Pitching for Milton Bills : LHP Jared Cox
|
Pitching: RHP Luke Merkley
|
|
Now at 1B: Luis Silva
|
|
Batting: RHB Jim Unknown
|
0-0: Ball 1-0: Ball 2-0: Ball 3-0: Called Strike 3-1: DOUBLE (Line Drive, 89M)
|
Pitching: RHP Mauro Marín
|
|
Batting: LHB Herman Gilliland
|
0-0: Ball 1-0: Ball 2-0: Ball 3-0: Foul Ball, location: 2F 3-1: Base on Balls
|
Batting: RHB Jim Unknown
|
0-0: Ball 1-0: Ball 2-0: SINGLE (Groundball, 56) Jim Unknown to third Herman Gilliland to second Runner from 3rd tries for Home, SAFE, no throw or cutoff
|
Batting: RHB Jim Unknown
|
0-0: Swinging Strike 0-1: Ball 1-1: Foul Ball, location: 2F 1-2: Grounds into double play, 4-6-3 (Groundball, 4) Herman Gilliland to third
|
Pitching: LHP Morris Nicholson
|
|
Pinch Hitting: RHB Jorge Rocha
|
0-0: Ground out 6-3 (Groundball, 6)
|
Bottom of the 8th over - 1 run(s), 2 hit(s), 0 error(s), 1 left on base; Milton 4 - Wichita 3 |
TOP OF THE 9TH |
Milton Bills batting - Pitching for Wichita Outriders : RHP Jim Unknown
|
Pitching: RHP Jim Unknown
|
|
Now in CF: Jim Unknown
|
|
Batting: SHB Al Anderson
|
0-0: Fly out, F2 (Popup, 2LF)
|
Batting: LHB Edwin Church
|
0-0: Ball 1-0: Fly out, F7 (Flyball, 7S)
|
Batting: RHB Orlando Trevino
|
0-0: Ball 1-0: Ball 2-0: SINGLE (Groundball, 56D)
|
Batting: LHB Lance Schiffer
|
0-0: Ball 1-0: Called Strike 1-1: SINGLE (Groundball, 34D) Orlando Trevino to second Runner from 2nd tries for 3rd, SAFE, throw made to third Lance Schiffer to second
|
Pinch Hitting: LHB Jim Unknown
|
0-0: Ball 1-0: Ball 2-0: Called Strike 2-1: Swinging Strike 2-2: Strikes out swinging
|
Top of the 9th over - 0 run(s), 2 hit(s), 0 error(s), 2 left on base; Milton 4 - Wichita 3 |
BOTTOM OF THE 9TH |
Wichita Outriders batting - Pitching for Milton Bills : LHP Morris Nicholson
|
Pitching: RHP Alberto Medina
|
|
Now in CF: Bartolo Liñares
|
|
Batting: RHB Christian O'Neal
|
0-0: Ground out 5-3 (Groundball, 5)
|
Batting: LHB Jim Unknown
|
0-0: SINGLE (Groundball, 56S)
|
Batting: RHB Jim Unknown
|
0-0: Ball 1-0: Ball 2-0: Foul Ball, location: 2F 2-1: Ball 3-1: Foul Ball, location: 2F 3-2: Foul Ball, location: 2F 3-2: Base on Balls Jim Unknown to second
|
Batting: RHB Jim Unknown
|
0-0: Called Strike 0-1: Swinging Strike 0-2: Strikes out looking
|
Batting: RHB Jim Unknown
|
0-0: Called Strike 0-1: Ball 1-1: Ground out 6-3 (Groundball, 6)
|
Bottom of the 9th over - 0 run(s), 1 hit(s), 0 error(s), 2 left on base; Milton 4 - Wichita 3 |
|